 Dungeon Crawl Stone Soup version 0.23.1-37-gaa34b87 (webtiles) character file.

Game seed: 12448982744748814670

12611 Fang the Fighter (level 11, 0/109 HPs)
             Began as a Gargoyle Berserker on Mar 21, 2019.
             Was a High Priest of Trog.
             Slain by a spiny frog (16 damage)
             ... on level 1 of the Lair of Beasts on Mar 22, 2019.
             The game lasted 00:16:30 (10034 turns).

Fang the Fighter (Gargoyle Berserker)              Turns: 10034, Time: 00:16:30

Health: 0/109      AC: 20    Str: 29    XL:     11   Next: 96%
Magic:  3/3        EV: 12    Int:  8    God:    Trog [*****.]
Gold:   528        SH:  0    Dex:  9    Spells: 10/10 levels left

rFire    . . .     SeeInvis .   k - +2 battleaxe (antimagic)
rCold    . . .     Gourm    .   (shield currently unavailable)
rNeg     + . .     Faith    .   u - +1 chain mail
rPois    ∞         Spirit   .   (no helmet)
rElec    +         Reflect  .   (no cloak)
rCorr    .         Harm     .   (no gloves)
MR       +....                  (no boots)
Stlth    ..........             i - amulet of regeneration
HPRegen  0.68/turn              j - +2 ring of slaying
MPRegen  0.08/turn              w - ring of protection from magic

@: berserking (expiring), studying Polearms, very quick
A: negative energy resistance 1, electricity resistance, unbreathing,
petrification resistance, rot immunity, AC +8
a: Berserk, Trog's Hand, Brothers in Arms, Renounce Religion


You were on level 1 of the Lair of Beasts.
You worshipped Trog.
Trog was extremely pleased with you.
You were very hungry.

You visited 2 branches of the dungeon, and saw 12 of its levels.

You collected 528 gold pieces.

Inventory:

Hand Weapons
 h - a +0 war axe
 k - a +2 antimagic battleaxe (weapon)
Armour
 u - a +1 chain mail (worn)
Jewellery
 i - an amulet of regeneration (around neck)
 j - a +2 ring of slaying (left hand)
 n - an uncursed ring of fire {unknown}
 w - a ring of protection from magic (right hand)
 x - an uncursed ring of positive energy {unknown}
Wands
 B - a wand of scattershot (2)
 E - a wand of polymorph (8)
Scrolls
 d - 7 scrolls of identify
 f - 3 scrolls of fear
 l - 3 scrolls of remove curse
 m - 3 scrolls of magic mapping
 r - 4 scrolls of teleportation
Potions
 a - a potion of cancellation
 b - 2 potions of lignification
 e - a potion of mutation
 g - 3 potions of might
 o - 2 potions of ambrosia
 p - a potion of brilliance
 q - a potion of haste
 s - 2 potions of berserk rage
 t - 6 potions of agility
 z - 2 potions of heal wounds
Books
 v - a manual of Polearms
Comestibles
 c - 17 rations
 A - 2 chunks of flesh


   Skills:
 + Level 10.8 Fighting
 + Level 9.1 Axes
 + Level 10.5 Armour
 + Level 8.1 Dodging


You had 10 spell levels left.
You didn't know any spells.
Your spell library was empty.

Dungeon Overview and Level Annotations

Branches:
Dungeon (11/15)            Temple (0/1) D:7            Lair (1/6) D:10
    Orc (0/2) D:9

Altars:
Ashenzari
Cheibriados
Dithmenos
Elyvilon
Fedhas
Gozag
Kikubaaqudgha
Makhleb
Nemelex Xobeh
Okawaru
Qazlal
Vehumet
Yredelemnul
Zin

Shops:
D:4 *

Annotations:
D:8 2 runed translucent doors, Urgot's ghost, novice DrBe
D:9 1 runed translucent door, mobydollar's ghost, journeyman MiFi


Innate Abilities, Weirdness & Mutations

You are resistant to torment.
Your stone body is resilient. (AC +8)
You are immune to poison.
You resist negative energy. (rN+)
You are resistant to electric shocks. (rElec)
You can survive without breathing.
You are immune to petrification.
You are immune to rotting.


Message History

The 12-headed hydra bites you.
* * * LOW HITPOINT WARNING * * *
The 12-headed hydra bites you but does no damage.
The 12-headed hydra closely misses you.
The 12-headed hydra bites you but does no damage. x7
You slice one of the 12-headed hydra's heads off!
The 11-headed hydra grows two more!
You slash the 13-headed hydra!
The 13-headed hydra is almost dead.
You barely miss the spiny frog.
The 13-headed hydra bites you but does no damage. x3
The 13-headed hydra misses you. The 13-headed hydra bites you.
* * * LOW HITPOINT WARNING * * *
The 13-headed hydra bites you but does no damage. x3
The 13-headed hydra closely misses you.
The 13-headed hydra bites you but does no damage.
The 13-headed hydra bites you.
* * * LOW HITPOINT WARNING * * *
The 13-headed hydra bites you but does no damage.
The 13-headed hydra closely misses you. The spiny frog stings you!
You die...

#####
######...######
.......<.......
+##.#..@.......
# #.FD#######
#...# #...#
#.... #..t.
#...+. #...##
#...#


You could see a 13-headed hydra, a spiny frog and a crocodile.

Vanquished Creatures
  4 two-headed ogres
  The ghost of prey the Fighter, a novice MiBe of Trog (D:7)
  An unseen horror (D:10)
  An ugly thing (D:10)
  An elephant (D:10)
  A komodo dragon (Lair:1)
  2 trolls (D:10)
  A hornet (D:10)
  A hippogriff (D:10)
  A meliai zombie (D:11)
  Sigmund (D:4)
  A spriggan (D:7)
  2 humans (D:10)
  A wyvern (D:7)
  A basilisk (D:10)
  A yak (D:7)
  3 hungry ghosts
  2 sky beasts
  3 ice beasts
  4 orc warriors
  A black bear (D:7)
  2 ogres (D:5)
  3 phantoms
  4 centaurs
  2 crocodiles (D:10)
  2 big kobolds
  12 bullfrogs
  A wyvern skeleton (D:7)
  2 troll zombies (D:9)
  5 scorpions
  A water moccasin skeleton (D:7)
  4 killer bees (D:10)
  3 wights
  6 howler monkeys
  3 crimson imps
  A bullfrog zombie (D:7)
  5 hounds
  7 orc priests
  A bullfrog skeleton (D:9)
  A centaur skeleton (D:5)
  Crazy Yiuf (D:6)
  6 jellies
  Terence (D:3)
  An iguana (D:9)
  13 worker ants
  8 orc wizards
  A killer bee zombie (D:8)
  4 ogre zombies (D:9)
  A hound skeleton (D:5)
  A worker ant zombie (D:9)
  7 gnolls
  A howler monkey skeleton (D:4)
  21 adders
  4 shadow imps
  An ooze (D:1)
  An adder zombie (D:7)
  3 worms
  5 dart slugs
  3 leopard geckos
  38 orcs
  5 giant cockroaches
  7 goblins
  7 hobgoblins
  2 jackals (D:4)
  4 quokkas
  8 bats
  A frilled lizard (D:1)
  2 goblin skeletons (D:9)
  A goblin zombie (D:9)
  2 hobgoblin skeletons (D:9)
  2 hobgoblin zombies (D:9)
  14 kobolds
  2 orc skeletons (D:9)
  10 orc zombies (D:9)
  4 rats
291 creatures vanquished.

Vanquished Creatures (collateral kills)
  A crocodile (D:10)
1 creature vanquished.

Grand Total: 292 creatures vanquished

Notes
Turn   | Place    | Note
-------+----------+-------------------------------------------
     0 | D:1      | Fang the Gargoyle Berserker began the quest for the Orb.
     0 | D:1      | Reached XP level 1. HP: 14/14 MP: 1/1
   135 | D:1      | Reached XP level 2. HP: 12/19 MP: 2/2
   894 | D:1      | Reached XP level 3. HP: 22/23 MP: 3/3
  1178 | D:2      | Reached ** piety under Trog
  1395 | D:2      | Reached XP level 4. HP: 17/29 MP: 4/4
  1630 | D:2      | Reached XP level 5. HP: 31/33 MP: 5/5
  2138 | D:3      | Noticed Terence
  2163 | D:3      | Killed Terence
  2518 | D:3      | Reached XP level 6. HP: 26/39 MP: 6/6
  2817 | D:3      | Found a shadowy altar of Dithmenos.
  3255 | D:4      | Found a radiant altar of Vehumet.
  3255 | D:4      | Noticed Sigmund
  3267 | D:4      | Killed Sigmund
  3267 | D:4      | Reached skill level 5 in Fighting
  3267 | D:4      | Reached XP level 7. HP: 44/44 MP: 7/7
  3420 | D:4      | Reached *** piety under Trog
  3499 | D:4      | Found Zin's Purification Station.
  3508 | D:4      | Found a glowing silver altar of Zin.
  3782 | D:5      | Entered Level 5 of the Dungeon
  3793 | D:5      | Reached skill level 5 in Armour
  3818 | D:5      | Reached XP level 8. HP: 46/51 MP: 8/8
  3820 | D:5      | Found a stormy altar of Qazlal.
  3844 | D:5      | Reached skill level 5 in Axes
  3913 | D:5      | Found a basalt altar of Yredelemnul.
  4528 | D:6      | Found a white marble altar of Elyvilon.
  4770 | D:6      | Found a runed translucent door.
  4771 | D:6      | Noticed Crazy Yiuf
  4888 | D:6      | Killed Crazy Yiuf
  4935 | D:7      | Noticed a yak
  4948 | D:7      | Killed a yak
  4948 | D:7      | Reached XP level 9. HP: 25/57 MP: 9/9
  4968 | D:7      | Reached skill level 5 in Dodging
  4992 | D:7      | Reached **** piety under Trog
  5392 | D:7      | Found a transporter.
  5399 | D:7      | Noticed prey's ghost (novice MiBe)
  5461 | D:7      | Found a staircase to the Ecumenical Temple.
  5837 | D:7      | Found a transporter.
  6585 | D:7      | Killed prey's ghost
  6585 | D:7      | Reached XP level 10. HP: 55/64 MP: 10/10
  6892 | D:8      | Found an opulent altar of Gozag.
  6893 | D:8      | Found a shattered altar of Ashenzari.
  6894 | D:8      | Found a sparkling altar of Nemelex Xobeh.
  6895 | D:8      | Found a snail-covered altar of Cheibriados.
  6896 | D:8      | Found a blossoming altar of Fedhas.
  6897 | D:8      | Found an ancient bone altar of Kikubaaqudgha.
  6943 | D:8      | Noticed a two-headed ogre
  6961 | D:8      | Killed a two-headed ogre
  7359 | D:8      | Noticed a two-headed ogre
  7366 | D:8      | Killed a two-headed ogre
  7558 | D:8      | Found a runed translucent gate.
  7559 | D:8      | Found a runed translucent gate.
  7559 | D:8      | Found an opulent altar of Gozag.
  7672 | D:8      | Received a gift from Trog
  7715 | D:8      | Found a runed translucent gate.
  7715 | D:8      | Noticed Urgot's ghost (novice DrBe)
  7873 | D:9      | Noticed a two-headed ogre
  7874 | D:9      | Found a white marble altar of Elyvilon.
  7882 | D:9      | Killed a two-headed ogre
  7982 | D:9      | Paralysed by fainting for 11 turns
  8013 | D:9      | Reached ***** piety under Trog
  8027 | D:9      | Found a staircase to the Orcish Mines.
  8048 | D:9      | Reached XP level 11. HP: 66/71 MP: 11/11
  8195 | D:9      | Found a burning altar of Makhleb.
  8452 | D:9      | Found a runed translucent door.
  8467 | D:9      | Noticed mobydollar's ghost (journeyman MiFi)
  8525 | D:9      | Noticed a two-headed ogre
  8534 | D:9      | Killed a two-headed ogre
  8861 | D:10     | Entered Level 10 of the Dungeon
  8919 | D:10     | Reached skill level 10 in Fighting
  9111 | D:10     | Found an iron altar of Okawaru.
  9423 | D:10     | Killed an unseen horror
  9423 | D:10     | Reached skill level 10 in Armour
  9589 | D:10     | Found a staircase to the Lair.
  9617 | D:10     | HP: 2/73 [crocodile (7)]
  9807 | D:11     | Noticed a cyclops
  9808 | D:11     | Noticed a cyan ugly thing
  9831 | D:10     | Received a gift from Trog
  9840 | D:10     | Killed a cyan ugly thing
 10017 | Lair:1   | Entered Level 1 of the Lair of Beasts
 10017 | Lair:1   | Noticed a five-headed hydra
 10034 | Lair:1   | Slain by a spiny frog

Skill      XL: |  1  2  3  4  5  6  7  8  9 10 11 |
---------------+----------------------------------+-----
Axes           | 3 4 5 6 8 9 |  9.1
Dodging        | 2 3 4 5 7 8 |  8.1
Armour         | 3 4 5 6 7 9 10 | 10.5
Fighting       | 4 5 7 8 9 10 | 10.8

Action                   |  1- 3 |  4- 6 |  7- 9 | 10-12 || total
-------------------------+-------+-------+-------+-------++-------
Melee: Hand axe          |   104 |   199 |    60 |       ||   363
       War axe           |       |       |   215 |   472 ||   687
       Battleaxe         |       |       |       |    12 ||    12
Invok: Berserk           |       |     1 |     3 |     8 ||    12
       Trog's Hand       |       |       |     1 |       ||     1
       Brothers in Arms  |       |       |       |     2 ||     2
  Use: Scroll            |       |       |       |    25 ||    25
       Potion            |       |       |       |     1 ||     1
  Eat: Chunk             |     2 |     6 |    10 |    20 ||    38
       Ration            |       |       |     1 |     3 ||     4
Armor: Animal skin       |    33 |       |       |       ||    33
       Scale mail        |    14 |    77 |       |       ||    91
       Chain mail        |       |    18 |   193 |   544 ||   755
Dodge: Dodged            |    67 |    96 |   153 |   384 ||   700
